 Dungeon Crawl Stone Soup version 0.17.1-3-g152610e (webtiles) character file.

9953 Gargoyl the Blocker (level 11, -6/86 HPs)
             Began as a Demonspawn Abyssal Knight on Mar 14, 2016.
             Was an Elder of Lugonu.
             Splashed by an oklob plant's acid (10 damage)
             ... on level 2 of the Lair of Beasts.
             The game lasted 00:24:36 (10967 turns).

Gargoyl the Blocker (Demonspawn Abyssal Knight)    Turns: 10967, Time: 00:24:38

Health: -6/86      AC: 13    Str: 17    XL:     11   Next: 29%
Magic:  14/14      EV:  3    Int:  9    God:    Lugonu [****..]
Gold:   648        SH: 18    Dex: 11    Spells: 0 memorised, 10 levels left

rFire  . . .     SeeInvis .     q - +1 war axe (chop)
rCold  . . .     Rnd*Rage +     v - +0 plate armour
rNeg   + . .     SustAt   .     m - +2 large shield
rPois  .         Gourm    .     (helmet restricted)
rElec  .         Spirit   .     (no cloak)
rCorr  .         Warding  +     L - +0 pair of gloves (curse)
rMut   .         Stasis   .     (no boots)
MR     .....                    y - amulet of warding
Stlth  ..........               (no ring)
                                w - +2 ring of strength

@: exhausted, corroded equipment, slowed, very slow, not resistant to hostile
enchantments, extremely unstealthy
A: hooves 1, horns 1, rough black scales 3, berserk 2, blurry vision 1, demonic
guardian 1, dopey 2, mutation resistance 1, nightstalker 1, regeneration 1
a: Depart the Abyss, Bend Space, Banish, Corrupt, Renounce Religion


You were on level 2 of the Lair of Beasts.
You worshipped Lugonu.
Lugonu was greatly pleased with you.
You were hungry.

You visited 2 branches of the dungeon, and saw 10 of its levels.
You visited the Abyss 1 time.

You collected 648 gold pieces.

Inventory:

Hand Weapons
 q - a +1 war axe of chopping (weapon)
 B - a +1 spear
 J - a +1 flail of draining
Armour
 m - a +2 large shield (worn)
 v - a +0 plate armour (worn)
 L - a cursed +0 pair of gloves (worn)
Jewellery
 w - a +2 ring of strength (left hand)
 y - an amulet of warding (around neck)
 F - an uncursed ring of teleportation
Wands
 i - a wand of slowing (8)
 k - a wand of digging (15)
 x - a wand of teleportation (2)
 D - a wand of random effects (11)
 E - a wand of digging (11)
 H - a wand of cold (12)
 I - a wand of slowing (38)
Scrolls
 h - 5 scrolls of identify
 r - 4 scrolls of remove curse
 N - a scroll of enchant armour
Potions
 a - a potion of degeneration {unknown}
 b - a potion of brilliance
 d - a potion of haste {unknown}
 e - a potion of agility
 g - 5 potions of curing
 j - 2 potions of magic
 n - a potion of flight {unknown}
 o - a potion of poison {unknown}
 p - 2 potions of heal wounds
 s - a potion of lignification {unknown}
 t - a potion of cancellation {unknown}
 z - 2 potions of invisibility {unknown}
 K - a potion of might
 M - 2 potions of mutation {unknown}
Books
 u - a book of Flames

   Spells                             Type                      Level
   a - Flame Tongue                   Conjuration/Fire             1
   b - Throw Flame                    Conjuration/Fire             2
   c - Conjure Flame                  Conjuration/Fire             3
   d - Inner Flame                    Hexes/Fire                   3
   e - Sticky Flame                   Conjuration/Fire             4
   f - Fireball                       Conjuration/Fire             5
 C - a Necronomicon

   Spells                             Type                      Level
   a - Haunt                          Necromancy/Summoning         7
   b - Borgnjor's Revivification      Necromancy                   8
   c - Death's Door                   Charms/Necromancy            8
   d - Necromutation                  Transmutation/Necromancy     8
 G - a book of Maledictions

   Spells                             Type                      Level
   a - Corona                         Hexes                        1
   b - Ensorcelled Hibernation        Hexes/Ice                    2
   c - Confuse                        Hexes                        3
   d - Tukima's Dance                 Hexes                        3
   e - Dazzling Spray                 Conjuration/Hexes            3
Comestibles
 c - 4 bread rations
 f - 2 beef jerkies
 l - 4 meat rations
 A - a slice of pizza
 O - a chunk of flesh


   Skills:
 + Level 8.1 Fighting
 + Level 7.0 Axes
 + Level 8.1 Armour
 + Level 4.0 Dodging
 + Level 2.5 Stealth
 + Level 9.0 Shields
 + Level 4.6 Invocations


You had 10 spell levels left.
You didn't know any spells.

Dungeon Overview and Level Annotations

Branches:
Dungeon (8/15)             Temple (0/1) D:7            Lair (2/8) D:8

Altars:
Ashenzari
Dithmenos
Makhleb
Trog

Shops:
D:5 *}

Annotations:
Lair:2 exclusion: 3 oklob plants


Innate Abilities, Weirdness & Mutations

You have large cloven feet.
You are completely covered in rough black scales (AC +10, Dex -3).
A weak demonic guardian rushes to your aid.
You are slightly more attuned to the shadows.
You have a pair of small horns on your head.
You often lose your temper in combat.
Scrolls take you a little longer to read.
You are very dopey. (Int -4)
You are somewhat resistant to further mutation.
Your natural rate of healing is unusually fast.


Message History

You hit the oklob plant.
You headbutt the oklob plant, but do no damage.
The oklob plant is moderately damaged.
You hit the plant but do no damage.
The plant is heavily damaged.
You hit the plant but do no damage.
The plant is almost destroyed.
You hit the plant but do no damage.
The plant is lightly damaged.
The oklob plant spits acid at you. The splash of acid hits you!
The acid burns!
* * * LOW HITPOINT WARNING * * *
The oklob plant spits acid at you. The splash of acid hits you!
The acid burns!
* * * LOW HITPOINT WARNING * * *
The oklob plant spits acid at you. The splash of acid hits you!
* * * LOW HITPOINT WARNING * * *
The acid corrodes you!
The acid burns!
You die...

#.##......##.#...P##
..#P......#..#.....#
#.##.##...##.#....## #
#.##.##....#.#P....#.#
.....##......#(....#P#
..........##.#P#.....#
#....PP....#.###..P.##
#.......#..#.##P....#
#..........#.##P@PP.#
#............#5P...P#
#..........#.#P#..P##
#............###PP.#
#.......P....# #P.P#
........P....# #....
#............#


PPPP.. #.......P...(# ........#....# You could see 3 oklob plants and a friendly
crimson imp.

Vanquished Creatures
  The ghost of riffraff the Cleaver, a journeyman GrFi of the Shining One (Lair:1)
  Erica (Lair:1)
  An oklob plant (Lair:2)
  3 spiny frogs
  2 komodo dragons
  A polar bear (Lair:2)
  4 blink frogs
  Sigmund (D:3)
  2 spriggans (Lair:2)
  A steam dragon (D:8)
  2 wolves (Lair:2)
  2 water moccasins (Lair:2)
  3 porcupines
  A black bear (D:8)
  A phantom (D:6)
  3 sky beasts (D:7)
  2 centaurs (D:7)
  4 ogres
  6 crocodiles
  3 giant frogs
  A wyvern zombie (D:8)
  A scorpion (D:8)
  A water moccasin skeleton (D:6)
  3 wights (D:7)
  3 crimson imps
  5 killer bees (D:8)
  4 hounds
  2 orc wizards (D:8)
  4 iguanas
  Jessica (D:3)
  3 worker ants
  2 hound zombies
  2 hound skeletons
  A river rat (D:6)
  7 adders
  2 shadow imps
  An ooze (D:2)
  2 adder skeletons (D:4)
  An adder zombie (D:8)
  2 worms
  16 orcs
  3 ball pythons
  5 giant cockroaches
  5 goblins
  6 hobgoblins
  8 jackals
  4 quokkas
  A ball python skeleton (D:5)
  5 bats
  10 giant geckos
  9 giant newts (D:2)
  A jackal zombie (D:8)
  4 kobolds
  A quokka skeleton (D:5)
  A quokka zombie (D:6)
  9 rats
180 creatures vanquished.

Vanquished Creatures (collateral kills)
  A spiny frog (Lair:1)
  A komodo dragon (Lair:1)
  Grinder (D:6)
  Prince Ribbit (Lair:1)
  5 blink frogs (Lair:1)
  Eustachio (D:6)
  A porcupine (Lair:2)
  A black bear (Lair:2)
  An ogre (D:6)
  A giant frog (D:6)
  A scorpion (D:5)
  A crimson imp (D:5)
  A hound (D:5)
  2 jellies (D:5)
  A worker ant (D:5)
  A giant gecko (D:8)
21 creatures vanquished.

Vanquished Creatures (others)
  A wizard (D:3)
  A black mamba (Lair:1)
  A komodo dragon (D:8)
3 creatures vanquished.

Grand Total: 204 creatures vanquished

Notes
Turn   | Place    | Note
--------------------------------------------------------------
     0 | Abyss:1  | Gargoyl the Demonspawn Abyssal Knight began the quest for the Orb.
     0 | Abyss:1  | Reached XP level 1. HP: 18/18 MP: 2/2
    65 | Abyss:1  | Noticed a starcursed mass
    69 | Abyss:1  | Noticed an efreet
    72 | D:1      | Escaped the Abyss
   284 | D:1      | Reached skill level 1 in Dodging
   393 | D:1      | Reached * piety under Lugonu
   457 | D:1      | Gained mutation: You are partially covered in rough black scales (AC +4, Dex -1). [demonic ancestry]
   457 | D:1      | Reached XP level 2. HP: 8/24 MP: 3/3
  1099 | D:2      | Reached XP level 3. HP: 18/29 MP: 5/5
  1463 | D:2      | Reached ** piety under Lugonu
  2065 | D:3      | Reached XP level 4. HP: 29/37 MP: 6/6
  2290 | D:3      | Noticed Sigmund
  2312 | D:3      | Killed Sigmund
  2312 | D:3      | Reached skill level 4 in Fighting
  2312 | D:3      | Gained mutation: You have large cloven feet. [demonic ancestry]
  2312 | D:3      | Reached XP level 5. HP: 15/42 MP: 7/7
  2523 | D:3      | Noticed Jessica
  2529 | D:3      | Killed Jessica
  2673 | D:3      | Gained mutation: A weak demonic guardian rushes to your aid. [demonic ancestry]
  2673 | D:3      | Reached XP level 6. HP: 46/48 MP: 8/8
  2710 | D:3      | Found a bloodstained altar of Trog.
  2712 | D:3      | Noticed a wizard
  2717 | D:3      | Killed a wizard
  3175 | D:4      | Found a burning altar of Makhleb.
  3949 | D:5      | Entered Level 5 of the Dungeon
  4036 | D:5      | Found Niuwon's Gadget Shop.
  4091 | D:5      | Reached *** piety under Lugonu
  4149 | D:5      | Gained mutation: You are mostly covered in rough black scales (AC +7, Dex -2). [demonic ancestry]
  4149 | D:5      | Reached XP level 7. HP: 41/55 MP: 9/9
  4237 | D:5      | Reached skill level 1 in Stealth
  4536 | D:5      | Found Miqil's Assorted Antiques.
  5047 | D:6      | Reached skill level 1 in Shields
  5191 | D:6      | Reached skill level 5 in Fighting
  5608 | D:6      | Noticed Grinder
  5613 | D:6      | Paralysed by Grinder for 4 turns
  5622 | D:6      | Paralysed by Grinder for 6 turns
  5629 | D:6      | Paralysed by Grinder for 6 turns
  5643 | D:6      | Killed Grinder
  5643 | D:6      | Gained mutation: You are slightly more attuned to the shadows. [demonic ancestry]
  5643 | D:6      | Reached XP level 8. HP: 62/62 MP: 10/10
  6000 | D:6      | Found a shattered altar of Ashenzari.
  6002 | D:6      | Found a shadowy altar of Dithmenos.
  6058 | D:6      | Noticed Eustachio
  6065 | D:6      | Killed Eustachio
  6582 | D:7      | Reached skill level 5 in Armour
  6588 | D:7      | Gained mutation: Your natural rate of healing is unusually fast. [mutagenic meat]
  6589 | D:7      | Gained mutation: Scrolls take you a little longer to read. [mutagenic meat]
  6590 | D:7      | Gained mutation: You tend to lose your temper in combat. [mutagenic meat]
  6777 | D:7      | Reached skill level 5 in Axes
  7016 | D:7      | Gained mutation: You have a pair of small horns on your head. [mutagenic meat]
  7017 | D:7      | Gained mutation: You are dopey. (Int -2) [mutagenic meat]
  7018 | D:7      | Gained mutation: You are very dopey. (Int -4) [mutagenic meat]
  7019 | D:7      | Gained mutation: You often lose your temper in combat. [mutagenic meat]
  7020 | D:7      | Gained mutation: You are somewhat resistant to further mutation. [mutagenic meat]
  7293 | D:7      | Found a staircase to the Ecumenical Temple.
  7377 | D:8      | Gained mutation: You are completely covered in rough black scales (AC +10, Dex -3). [demonic ancestry]
  7377 | D:8      | Reached XP level 9. HP: 69/69 MP: 11/11
  7593 | D:8      | Reached **** piety under Lugonu
  7703 | D:8      | Reached skill level 5 in Shields
  7794 | D:8      | Reached skill level 6 in Fighting
  7877 | D:8      | Noticed a komodo dragon
  7880 | D:8      | Noticed a komodo dragon
  7900 | D:8      | Banished a komodo dragon
  7934 | D:8      | Killed a komodo dragon
  8184 | D:8      | Found a staircase to the Lair.
  8629 | Lair:1   | Entered Level 1 of the Lair of Beasts
  8733 | Lair:1   | Noticed a komodo dragon
  8749 | Lair:1   | Killed a komodo dragon
  8752 | Lair:1   | Noticed a black mamba
  8762 | Lair:1   | Banished a black mamba
  8857 | Lair:1   | Noticed riffraff's ghost (journeyman GrFi)
  9025 | Lair:2   | Reached XP level 10. HP: 40/77 MP: 13/13
  9153 | Lair:1   | Killed riffraff's ghost
  9153 | Lair:1   | Reached skill level 7 in Fighting
  9268 | Lair:1   | Noticed a spiny frog
  9269 | Lair:1   | Noticed Prince Ribbit
  9278 | Lair:1   | Killed a spiny frog
  9286 | Lair:1   | Killed Prince Ribbit
  9599 | Lair:1   | Noticed Erica
  9633 | Lair:1   | Killed Erica
  9633 | Lair:1   | Reached skill level 8 in Shields
  9752 | Lair:1   | Noticed a spiny frog
  9762 | Lair:1   | Killed a spiny frog
 10161 | Lair:2   | Reached XP level 11. HP: 78/86 MP: 14/14
 10389 | Lair:2   | Noticed a spiny frog
 10399 | Lair:2   | Killed a spiny frog
 10538 | Lair:2   | Noticed a spiny frog
 10549 | Lair:2   | Killed a spiny frog
 10882 | Lair:2   | Reached skill level 9 in Shields
 10945 | Lair:2   | Noticed an oklob plant
 10947 | Lair:2   | Noticed an oklob plant
 10948 | Lair:2   | Noticed an oklob plant
 10955 | Lair:2   | Killed an oklob plant
 10965 | Lair:2   | Noticed an oklob plant
 10967 | Lair:2   | HP: 4/86 [oklob plant/splash of acid (2)]
 10967 | Lair:2   | Splashed by an oklob plant's acid

Action                   |  1- 3 |  4- 6 |  7- 9 | 10-12 || total
-------------------------+-------+-------+-------+-------++-------
Melee: Hand axe          |   128 |   215 |    12 |       ||   355
       War axe           |       |       |   501 |   208 ||   709
Invok: Depart the Abyss  |     1 |       |       |       ||     1
       Banish            |       |       |     4 |       ||     4
  Use: Potion            |       |     7 |     4 |     5 ||    16
       Scroll            |       |     7 |     7 |     4 ||    18
 Stab: Distracted        |       |       |     4 |     2 ||     6
  Eat: Chunk             |     4 |     5 |    34 |     6 ||    49
       Fruit             |       |     3 |       |       ||     3
       Royal jelly       |       |       |       |     1 ||     1
